 Dungeon Crawl Stone Soup version 0.23-a0-730-g0b75920 (console) character file.

338 Voker57 the Slasher (level 6, -5/48 HPs)
             Began as a Demonspawn Gladiator on Jan 17, 2019.
             Killed from afar by an orc wizard (12 damage)
             ... with a puff of frost
             ... on level 4 of the Dungeon.
             The game lasted 00:03:46 (2592 turns).

Voker57 the Slasher (Demonspawn Gladiator)          Turns: 2592, Time: 00:03:48

Health: -5/48      AC:  3    Str: 14    XL:     6   Next: 29%
Magic:  6/6        EV: 14    Int: 14    God:
Gold:   158        SH:  0    Dex: 19    Spells: 5/5 levels left

rFire    . . .     SeeInvis .   a - +0 long sword
rCold    . . .     Gourm    .   (no shield)
rNeg     . . .     Faith    .   b - +0 leather armour
rPois    .         Spirit   .   (helmet restricted)
rElec    +         Reflect  .   (no cloak)
rCorr    .         Harm     .   (no gloves)
MR       .....                  (no boots)
Stlth    +.........             (no amulet)
HPRegen  0.16/turn              l - ring "Eluptego" {rElec Int+4 Dex+3}
MPRegen  0.10/turn              (no ring)

@: no status effects
A: antennae 1, claws 1, hooves 1, demonic guardian 1
a: no special abilities


You were on level 4 of the Dungeon.
You were not hungry.

You visited 1 branch of the dungeon, and saw 4 of its levels.

You collected 158 gold pieces.

Inventory:

Hand Weapons
 a - a +0 long sword (weapon)
Missiles
 d - a throwing net (quivered)
Armour
 b - a +0 leather armour (worn)
 c - a +0 helmet
Jewellery
 i - an uncursed amulet of magic regeneration {unknown}
 l - the ring "Eluptego" (left claw) {rElec Int+4 Dex+3}
   (You found it on level 4 of the Dungeon)

   [ring of dexterity]

   It affects your intelligence (+4).
   It affects your dexterity (+3).
   It insulates you from electricity.
Wands
 m - a wand of acid (8)
Scrolls
 j - a scroll of identify
 n - a scroll of immolation {unknown}
Potions
 g - 4 potions of flight {unknown}
 h - a potion of haste {unknown}
 k - a potion of heal wounds {unknown}
 o - a potion of berserk rage {unknown}
Comestibles
 f - 9 rations


   Skills:
 + Level 3.7 Fighting
 * Level 5.0 Long Blades
 - Level 1.7 Throwing
 + Level 3.9 Dodging


You had 5 spell levels left.
You didn't know any spells.
Your spell library was empty.

Dungeon Overview and Level Annotations

Branches:
Dungeon (4/15)
 Temple: D:4-7

Altars:


Innate Abilities, Weirdness & Mutations

You have a pair of small antennae on your head.
You have sharp fingernails.
You have large cloven feet.
A weak demonic guardian rushes to your aid.


Message History

You hear some strange, mumbled words.
A puff of frost appears from out of thin air!
The puff of frost hits you!
You hear some strange, mumbled words.
A magic dart appears from out of thin air!
The magic dart hits you!
Throwing (i - inventory)
d - 2 throwing nets (quivered)
Press: ? - help, Shift-Dir - straight line, f - orc
Aim: an orc, wielding a +0 flail You throw a throwing net.
The throwing net hits the orc.
The orc is caught in the net!
You hear some strange, mumbled words.
A magic dart appears from out of thin air!
The magic dart hits you!
* * * LOW HITPOINT WARNING * * *
The orc struggles against the net.
You closely miss something. You kick something.
You hear some strange, mumbled words.
A puff of frost appears from out of thin air!
The puff of frost hits you!
You die...

#.....)...#
#.##.#
#####
####..†)#.#
#....#
#....#.#
######
##.###.####
#..##.##..
##.##.##.#
#..#.##o#
##.#.##o#
#.#.##{#
#.#.##@#
#.....5#
#(..####
#...# #.#.#
#.#.# #..>#
#####


You could see 2 orcs and a friendly shadow imp.

Vanquished Creatures
  A phantom (D:4)
  A howler monkey (D:4)
  An orc wizard (D:4)
  A howler monkey skeleton (D:3)
  2 gnolls (D:3)
  3 adders (D:3)
  2 oozes (D:1)
  A worm (D:2)
  A dart slug (D:2)
  4 leopard geckos
  8 giant cockroaches
  11 goblins
  10 hobgoblins
  5 jackals (D:2)
  3 quokkas
  2 ball pythons
  7 bats
  A frilled lizard (D:1)
  11 kobolds
  8 rats
83 creatures vanquished.

Vanquished Creatures (collateral kills)
  An orc priest (D:4)
  An orc wizard (D:4)
  A gnoll (D:3)
3 creatures vanquished.

Grand Total: 86 creatures vanquished

Notes
Turn   | Place    | Note
-------+----------+-------------------------------------------
     0 | D:1      | Voker57 the Demonspawn Gladiator began the quest for the
                  | Orb.
     0 | D:1      | Reached XP level 1. HP: 16/16 MP: 1/1
   360 | D:1      | Reached skill level 3 in Long Blades
   363 | D:1      | Gained mutation: You have a pair of small antennae on your
                  | head. [demonic ancestry]
   363 | D:1      | Reached XP level 2. HP: 22/22 MP: 2/2
  1018 | D:1      | Gained mutation: You have large cloven feet. [demonic
                  | ancestry]
  1018 | D:1      | Reached XP level 3. HP: 20/28 MP: 3/3
  1353 | D:2      | Gained mutation: A weak demonic guardian rushes to your
                  | aid. [demonic ancestry]
  1353 | D:2      | Reached XP level 4. HP: 29/34 MP: 4/4
  1749 | D:3      | Reached skill level 4 in Long Blades
  1796 | D:3      | Gained mutation: You have sharp fingernails. [demonic
                  | ancestry]
  1796 | D:3      | Reached XP level 5. HP: 14/41 MP: 5/5
  2102 | D:3      | Found a glowing drain.
  2265 | D:4      | Got a pitted amber ring
  2314 | D:4      | Identified the ring "Eluptego" {rElec Int+4 Dex+3} (You
                  | found it on level 4 of the Dungeon)
  2384 | D:4      | Noticed a phantom
  2406 | D:4      | Killed a phantom
  2449 | D:4      | Reached XP level 6. HP: 32/47 MP: 6/6
  2551 | D:4      | Reached skill level 5 in Long Blades
  2592 | D:4      | Killed from afar by an orc wizard

Vault maps used:
D:1:      mrwooster_arrival_statue_2
D:3:      first_ration, portal_sewer_entry_e

Skill      XL: |  1  2  3  4  5  6 |
---------------+-------------------+-----
Long Blades    | 3 4 5 |  5.0
Dodging        | 3 |  3.9
Fighting       | 3 |  3.7
Throwing       | |  1.7

Action                   |  1- 3 |  4- 6 || total
-------------------------+-------+-------++-------
Melee: Long sword        |   105 |   107 ||   212
       Kick              |    14 |    33 ||    47
Throw: Throwing net      |     1 |     4 ||     5
  Use: Potion            |     1 |     1 ||     2
       Scroll            |       |     3 ||     3
 Stab: Held in net/web   |     1 |       ||     1
  Eat: Chunk             |     2 |     4 ||     6
Armor: Leather armour    |    35 |    23 ||    58
Dodge: Dodged            |    89 |    86 ||   175
       Rpst.: Long sword |    31 |    26 ||    57

Table legend:
 A = Non-vault XP
 B = Vault XP
 C = Vault XP percentage of total XP
 D = Non-vault monster count
 E = Vault monster count
 F = Vault count percentage of total count
                 A         B        C        D         E       F
            +---------+---------+-------+---------+---------+-------
      Total |     483 |       0 |   0.0 |      86 |       0 |   0.0
            +---------+---------+-------+---------+---------+-------
        D:1 |      49 |       0 |   0.0 |      23 |       0 |   0.0
        D:2 |      67 |       0 |   0.0 |      34 |       0 |   0.0
        D:3 |     115 |       0 |   0.0 |      22 |       0 |   0.0
        D:4 |     252 |       0 |   0.0 |       7 |       0 |   0.0
            +---------+---------+-------+---------+---------+-------
